 Dungeon Crawl Stone Soup version 0.30-a0-141-g30f27751c5 (webtiles) character file.

Game seed: 966122739125734223

2646 qw the Cleaver (level 9, -2/58 HPs)
             Began as a Gargoyle Fighter on Sept 25, 2022.
             Was a Believer of Okawaru.
             Slain by an eight-headed hydra (10 damage)
             ... on level 7 of the Dungeon.
             The game lasted 00:02:36 (6972 turns).

qw the Cleaver (Gargoyle Fighter)                   Turns: 6972, Time: 00:02:36

Health: -2/58      AC: 20    Str: 24    XL:     9   Next: 62%
Magic:  11/12      EV:  9    Int:  9    God:    Okawaru [**....]
Gold:   1092       SH:  6    Dex:  9    Spells: 8/8 levels left

rFire   . . .      SeeInvis .    i - +0 flail
rCold   . . .      Faith    .    c - +0 buckler
rNeg    + + .      Spirit   .    q - +0 chain mail
rPois   inf        Reflect  .    (no helmet)
rElec   +          Harm     .    g - +1 cloak
rCorr   .          Rampage  .    (no gloves)
Will    +....                    (no boots)
Stlth   ..........               (no amulet)
HPRegen 0.19/turn                n - ring of positive energy
MPRegen 0.13/turn                h - ring of willpower

@: about to teleport, heroic
A: sickness immunity, AC +6, negative energy resistance 1, electricity
resistance, torment resistance 1, petrification resistance
a: Renounce Religion, Heroism


You were on level 7 of the Dungeon.
You worshipped Okawaru.
Okawaru was pleased with you.
You visited 2 branches of the dungeon, and saw 8 of its levels.

You collected 1118 gold pieces.
You spent 26 gold pieces at shops.


Innate Abilities, Weirdness & Mutations

You are immune to sickness and miasma.
Your stone body is resilient. (AC +6)
You are immune to poison.
You resist negative energy. (rN+)
You are resistant to electric shocks. (rElec)
You are resistant to unholy torment.
You are immune to petrification.


   Skills:
 - Level 7.6(12.6) Fighting
 + Level 9.0(14.0) Axes
 - Level 4.5(9.5) Armour
 - Level 1.0(6.0) Dodging
 - Level 4.2(9.2) Shields
 - Level 4.0 Invocations


You had 8 spell levels left.
You didn't know any spells.
Your spell library was empty.

Inventory:

Hand Weapons
 i - a +0 flail (weapon)
 Y - a +3 war axe of freezing
Armour
 c - a +0 buckler (worn)
 g - a +1 cloak (worn)
 q - a +0 chain mail (worn)
Jewellery
 h - a ring of willpower (right hand)
 n - a ring of positive energy (left hand)
Scrolls
 f - 6 scrolls of identify
Potions
 a - 2 potions of cancellation
 d - a potion of might
 j - a potion of resistance
 k - 2 potions of lignification
 l - a potion of attraction
 o - 2 potions of curing
 p - a potion of magic
 r - 2 potions of haste

Dungeon Overview and Level Annotations

Branches:
Dungeon (7/15)             Temple (1/1) D:4

Altars:
Ashenzari
Cheibriados
Dithmenos
Elyvilon
Fedhas
Gozag
Hepliaklqana
Kikubaaqudgha
Makhleb
Nemelex Xobeh
Okawaru
Ru
Trog
Uskayaw
Vehumet
Wu Jian
Xom
Yredelemnul
Zin
The Shining One

Shops:
D:1 ?   D:4 (   D:5 (

Annotations:
D:4 1 runed translucent door, qw's ghost, amateur GrFi
D:6 1 runed translucent door, Crazy Yiuf


Message History

The eight-headed hydra bites you. x2
The eight-headed hydra bites you but does no damage. x2
You hit the eight-headed hydra.
The eight-headed hydra is heavily wounded.
The eight-headed hydra bites you but does no damage. x2
The eight-headed hydra bites you. x2
The eight-headed hydra bites you but does no damage. x2
The eight-headed hydra barely misses you.
The eight-headed hydra bites you but does no damage.
You sock the eight-headed hydra!
The eight-headed hydra is almost dead.
The eight-headed hydra closely misses you.
The eight-headed hydra bites you but does no damage. x2
The eight-headed hydra barely misses you.
The eight-headed hydra bites you.
The eight-headed hydra bites you but does no damage.
The eight-headed hydra bites you.
The eight-headed hydra closely misses you.
6970 ||| READING scroll of teleportation.
As you read the scroll of teleportation, it crumbles to dust.
You feel strangely unstable.
The eight-headed hydra bites you but does no damage. x2
The eight-headed hydra bites you.
The eight-headed hydra bites you but does no damage. x2
You block the eight-headed hydra's attack.
The eight-headed hydra bites you but does no damage.
You block the eight-headed hydra's attack.
6971 ||| DRINKING potion of heal wounds.
You feel much better.
The eight-headed hydra bites you but does no damage.
The eight-headed hydra bites you! x2
The eight-headed hydra bites you but does no damage. x2
The eight-headed hydra barely misses you.
The eight-headed hydra bites you but does no damage.
The eight-headed hydra bites you.
You sock the eight-headed hydra!
The eight-headed hydra is almost dead.
The eight-headed hydra bites you but does no damage.
The eight-headed hydra bites you!
You die...

# #. ##.#
#...######
#......D@#
#...####.#
......#
#.# ......
#.# P....
#.# #....
#.# ##..
#.# .D.
#.#


You could see an eight-headed hydra.

Vanquished Creatures
  2 trolls (D:7)
  A hornet (D:6)
  Eustachio (D:5)
  A steam dragon (D:6)
  Menkaure (D:5)
  Duvessa (D:6)
  A water moccasin (D:6)
  3 black bears
  A centaur (D:5)
  A phantom (D:5)
  Blork the orc (D:5)
  2 necrophages
  2 bullfrogs (D:6)
  Dowan (D:6)
  2 hounds
  A jelly (D:4)
  5 orc priests
  Ijyb (D:5)
  An iguana (D:6)
  5 orc wizards
  3 gnolls (D:5)
  6 adders
  A shadow imp (D:6)
  A white imp (D:6)
  2 ufetubi
  3 worms
  A dart slug (D:3)
  20 orcs
  7 ball pythons
  6 endoplasms
  7 giant cockroaches
  4 goblins
  11 hobgoblins
  2 jackals (D:3)
  2 quokkas
  3 training dummies (D:4)
  7 bats
  7 kobolds
  3 rats (D:1)
130 creatures vanquished.

Vanquished Creatures (others)
  3 plants (D:7)
3 creatures vanquished.

Grand Total: 133 creatures vanquished

Notes
Turn   | Place    | Note
-------+----------+-------------------------------------------
     0 | D:1      | qw the Gargoyle Fighter began the quest for the Orb.
     0 | D:1      | Reached XP level 1. HP: 14/14 MP: 1/1
     0 | D:1      | 0 ||| qw: Version: 0.2-a-10-g399e6c4
     0 | D:1      | 0 ||| qw: Game counter: 332
     0 | D:1      | 0 ||| qw: Always use a shield: true
     0 | D:1      | 0 ||| qw: God list: Okawaru
     0 | D:1      | 0 ||| qw: Allow faded altars: false
     0 | D:1      | 0 ||| qw: Do Orc after D:15 true
     0 | D:1      | 0 ||| qw: Do second Lair branch before Depths: true
     0 | D:1      | 0 ||| qw: Lair rune preference: random
     0 | D:1      | 0 ||| qw: Plans: Normal, Zot:1-4, God:TSO, Crypt, Tomb,
                  | Pan, Slime:5, Hells, Abyss, Orb
     0 | D:1      | 0 ||| PLANNING D:1-11
    26 | D:1      | Reached skill level 2 in Axes
    73 | D:1      | Reached XP level 2. HP: 19/19 MP: 2/2
   374 | D:1      | Reached skill level 3 in Axes
   572 | D:1      | Reached XP level 3. HP: 23/23 MP: 3/3
   668 | D:1      | Found Veotz's Magic Scroll Emporium.
   677 | D:1      | 677 ||| SHOPLISTING scroll of enchant armour (97 gold, have
                  | 59).
   677 | D:1      | 677 ||| BUYING scroll of identify (26 gold).
   677 | D:1      | Bought a scroll of identify for 26 gold pieces
   741 | D:1      | Found a faded altar of an unknown god.
   790 | D:1      | 790 ||| READING scroll labelled XIZIZ VEUTT.
   791 | D:1      | 791 ||| READING scroll labelled BIMOOF FIZAY.
   791 | D:1      | Identified a scroll of acquirement
   791 | D:1      | 791 ||| ACQUIRING 720 gold pieces
   791 | D:1      | Acquired 720 gold pieces
   793 | D:1      | 793 ||| DRINKING 2 yellow potions.
   794 | D:1      | 794 ||| READING 3 scrolls of identify.
   794 | D:1      | 794 ||| IDENTIFYING bubbling purple potion
   795 | D:1      | 795 ||| READING 2 scrolls of identify.
   795 | D:1      | 795 ||| IDENTIFYING pink potion
   796 | D:1      | 796 ||| DROPPING potion of flight.
  1270 | D:2      | 1270 ||| FLEEEEING.
  1271 | D:2      | 1271 ||| FLEEEEING.
  1272 | D:2      | 1272 ||| FLEEEEING.
  1273 | D:2      | 1273 ||| FLEEEEING.
  1275 | D:2      | 1275 ||| FLEEEEING.
  1276 | D:2      | 1276 ||| FLEEEEING.
  1277 | D:2      | 1277 ||| FLEEEEING.
  1278 | D:2      | 1278 ||| FLEEEEING.
  1279 | D:2      | 1279 ||| FLEEEEING.
  1280 | D:2      | 1280 ||| FLEEEEING.
  1281 | D:2      | 1281 ||| FLEEEEING.
  1282 | D:2      | 1282 ||| FLEEEEING.
  1283 | D:2      | 1283 ||| FLEEEEING.
  1284 | D:2      | 1284 ||| FLEEEEING.
  1285 | D:2      | 1285 ||| FLEEEEING.
  1310 | D:2      | 1310 ||| Stepping ~*~*~tactically~*~*~ (stealth).
  1312 | D:2      | 1312 ||| Stepping ~*~*~tactically~*~*~ (stealth).
  1313 | D:2      | 1313 ||| Stepping ~*~*~tactically~*~*~ (stealth).
  1314 | D:2      | 1314 ||| Stepping ~*~*~tactically~*~*~ (stealth).
  1468 | D:2      | 1468 ||| READING scroll labelled VIDOCU QUESOSA.
  1469 | D:2      | 1469 ||| READING 3 scrolls of identify.
  1469 | D:2      | 1469 ||| IDENTIFYING inky potion
  1470 | D:2      | 1470 ||| READING 2 scrolls of identify.
  1470 | D:2      | 1470 ||| IDENTIFYING golden potion
  1471 | D:2      | 1471 ||| DROPPING potion of degeneration.
  1472 | D:2      | 1472 ||| DROPPING potion of brilliance.
  1504 | D:3      | 1504 ||| Stepping ~*~*~tactically~*~*~ (stealth).
  1512 | D:3      | Reached skill level 4 in Axes
  1512 | D:3      | Reached XP level 4. HP: 22/28 MP: 4/4
  1581 | D:3      | 1581 ||| DROPPING +0 club.
  1603 | D:3      | 1603 ||| FLEEEEING.
  1604 | D:3      | 1604 ||| FLEEEEING.
  1609 | D:3      | 1609 ||| STAIRDANCE
  1706 | D:3      | 1706 ||| Stepping ~*~*~tactically~*~*~ (stealth).
  1708 | D:3      | 1708 ||| Stepping ~*~*~tactically~*~*~ (stealth).
  1711 | D:3      | 1711 ||| Stepping ~*~*~tactically~*~*~ (stealth).
  2003 | D:3      | 2003 ||| Stepping ~*~*~tactically~*~*~ (stealth).
  2205 | D:3      | Reached XP level 5. HP: 32/32 MP: 5/5
  2599 | D:3      | 2599 ||| UPGRADING to +0 cloak.
  2604 | D:3      | 2604 ||| UPGRADING to ring of positive energy.
  2605 | D:3      | 2605 ||| READING scroll labelled YTSUEC SISKINOSU.
  2609 | D:3      | 2609 ||| READING scroll labelled NOUTOU DOOXT.
  2610 | D:3      | 2610 ||| READING scroll labelled HIORYVEUKK.
  2611 | D:3      | 2611 ||| READING scroll labelled AKKADOGOPA.
  2712 | D:3      | 2712 ||| READING 7 scrolls of identify.
  2712 | D:3      | 2712 ||| IDENTIFYING bubbling blue potion
  2713 | D:3      | 2713 ||| READING 6 scrolls of identify.
  2713 | D:3      | 2713 ||| IDENTIFYING fizzy yellow potion
  2714 | D:3      | 2714 ||| READING 5 scrolls of identify.
  2714 | D:3      | 2714 ||| IDENTIFYING fizzy black potion
  2715 | D:3      | 2715 ||| READING 4 scrolls of identify.
  2715 | D:3      | 2715 ||| IDENTIFYING amethyst potion
  2716 | D:3      | 2716 ||| DROPPING potion of magic.
  2750 | D:4      | 2750 ||| STAIRDANCE
  2810 | D:4      | 2810 ||| Stepping ~*~*~tactically~*~*~ (hiding).
  2817 | D:4      | 2817 ||| DRINKING potion of curing.
  2817 | D:4      | 2817 ||| (to cure confusion)
  2825 | D:4      | Reached skill level 5 in Axes
  2904 | D:4      | 2904 ||| FLEEEEING.
  2910 | D:4      | 2910 ||| STAIRDANCE
  3055 | D:4      | Found Jiompoy's Firing Range.
  3121 | D:4      | Reached XP level 6. HP: 28/39 MP: 6/6
  3183 | D:4      | 3183 ||| Stepping ~*~*~tactically~*~*~ (stealth).
  3227 | D:4      | Found a runed translucent door.
  3229 | D:4      | Noticed qw's ghost (amateur GrFi)
  3380 | D:4      | Reached skill level 1 in Dodging
  3559 | D:4      | Found a staircase to the Ecumenical Temple.
  3560 | D:4      | 3560 ||| PLANNING TEMPLE
  3560 | D:4      | 3560 ||| UPGRADING to ring of willpower.
  3561 | D:4      | 3561 ||| READING scroll labelled MASTUU PURR.
  3562 | D:4      | 3562 ||| READING scroll labelled BIFRON XURIROH.
  3586 | D:4      | Noticed a black bear
  3593 | D:4      | Killed a black bear
  3798 | Temple   | Entered the Ecumenical Temple
  3810 | Temple   | 3810 ||| PLANNING OKAWARU WORSHIP
  3977 | Temple   | Became a worshipper of Warmaster Okawaru
  3978 | Temple   | 3978 ||| PLANNING D:1-11
  4174 | D:5      | Entered Level 5 of the Dungeon
  4201 | D:5      | Reached XP level 7. HP: 30/44 MP: 7/7
  4201 | D:5      | Noticed Eustachio
  4206 | D:5      | HP: 11/44 [centaur (4)]
  4207 | D:5      | 4207 ||| DRINKING 3 potions of heal wounds.
  4210 | D:5      | Reached skill level 6 in Axes
  4227 | D:5      | HP: 5/44 [something/magic dart (7)]
  4228 | D:5      | 4228 ||| DRINKING 2 potions of heal wounds.
  4234 | D:5      | HP: 9/44 [quokka[Eustachio] (3)]
  4235 | D:5      | 4235 ||| DRINKING potion of heal wounds.
  4245 | D:5      | Killed Eustachio
  4246 | D:5      | Reached skill level 7 in Axes
  4253 | D:5      | 4253 ||| FLEEEEING.
  4254 | D:5      | 4254 ||| FLEEEEING.
  4256 | D:5      | 4256 ||| FLEEEEING.
  4263 | D:5      | 4263 ||| STAIRDANCE
  4474 | D:5      | 4474 ||| READING scroll of enchant weapon.
  4474 | D:5      | 4474 ||| ENCHANTING +1 war axe of freezing.
  4490 | D:5      | Noticed Menkaure
  4492 | D:5      | 4492 ||| Stepping ~*~*~tactically~*~*~ (hiding).
  4494 | D:5      | 4494 ||| Stepping ~*~*~tactically~*~*~ (hiding).
  4499 | D:5      | Killed Menkaure
  4499 | D:5      | Reached * piety under Okawaru
  4500 | D:5      | Reached XP level 8. HP: 31/50 MP: 8/8
  4624 | D:5      | 4624 ||| Stepping ~*~*~tactically~*~*~ (stealth).
  4719 | D:5      | 4719 ||| DROPPING +0 mace.
  4742 | D:5      | Reached skill level 1 in Invocations
  4796 | D:5      | 4796 ||| READING scroll of enchant weapon.
  4796 | D:5      | 4796 ||| ENCHANTING +2 war axe of freezing.
  4829 | D:5      | Found Kenkyf's Weapon Boutique.
  4840 | D:5      | 4840 ||| Stepping ~*~*~tactically~*~*~ (hiding).
  4841 | D:5      | 4841 ||| Stepping ~*~*~tactically~*~*~ (hiding).
  4844 | D:5      | 4844 ||| Stepping ~*~*~tactically~*~*~ (hiding).
  4845 | D:5      | 4845 ||| INVOKING Heroism.
  4922 | D:5      | Noticed Ijyb
  4923 | D:5      | 4923 ||| INVOKING Heroism.
  4928 | D:5      | Killed Ijyb
  5096 | D:5      | 5096 ||| INVOKING Heroism.
  5185 | D:5      | 5185 ||| UPGRADING to +1 cloak.
  5195 | D:5      | 5195 ||| DROPPING +0 cloak.
  5196 | D:5      | 5196 ||| DROPPING amulet of faith.
  5197 | D:5      | 5197 ||| READING scroll labelled DEYFOA ZUAN.
  5198 | D:5      | 5198 ||| READING scroll labelled FONTESCHUTU.
  5250 | D:5      | 5250 ||| READING 5 scrolls of identify.
  5250 | D:5      | 5250 ||| IDENTIFYING puce potion
  5282 | D:6      | Noticed Blork the orc
  5283 | D:6      | 5283 ||| INVOKING Heroism.
  5284 | D:6      | 5284 ||| STAIRDANCE
  5290 | D:5      | Killed Blork the orc
  5291 | D:5      | Reached skill level 3 in Invocations
  5311 | D:6      | 5311 ||| STAIRDANCE
  5326 | D:6      | Noticed Dowan
  5327 | D:6      | 5327 ||| INVOKING Heroism.
  5327 | D:6      | Noticed Duvessa
  5333 | D:6      | Killed Duvessa
  5338 | D:6      | Reached skill level 8 in Axes
  5340 | D:6      | HP: 9/50 [Dowan/shard of ice (9)]
  5345 | D:6      | HP: 9/50 [Dowan/+0 dagger (1)]
  5346 | D:6      | Killed Dowan
  5697 | D:6      | Reached skill level 6 in Fighting
  5756 | D:6      | 5756 ||| Stepping ~*~*~tactically~*~*~ (hiding).
  5762 | D:6      | 5762 ||| INVOKING Heroism.
  5762 | D:6      | Noticed a hornet
  5780 | D:6      | Killed a hornet
  5780 | D:6      | Reached ** piety under Okawaru
  5781 | D:6      | Reached XP level 9. HP: 30/55 MP: 12/12
  5958 | D:6      | Reached skill level 9 in Axes
  6052 | D:6      | 6052 ||| INVOKING Heroism.
  6090 | D:6      | 6090 ||| Stepping ~*~*~tactically~*~*~ (stealth).
  6129 | D:6      | 6129 ||| INVOKING Heroism.
  6131 | D:6      | 6131 ||| Stepping ~*~*~tactically~*~*~ (stealth).
  6244 | D:6      | Found a runed translucent door.
  6245 | D:6      | Noticed Crazy Yiuf
  6342 | D:6      | 6342 ||| Stepping ~*~*~tactically~*~*~ (stealth).
  6351 | D:6      | 6351 ||| INVOKING Heroism.
  6708 | D:6      | 6708 ||| UPGRADING to +0 chain mail.
  6718 | D:6      | 6718 ||| DROPPING +0 scale mail.
  6719 | D:6      | 6719 ||| READING 7 scrolls of identify.
  6719 | D:6      | 6719 ||| IDENTIFYING sedimented black potion
  6720 | D:6      | 6720 ||| DROPPING potion of berserk rage.
  6765 | D:7      | Noticed a troll
  6766 | D:7      | 6766 ||| INVOKING Heroism.
  6767 | D:7      | Noticed a troll
  6776 | D:7      | Killed a troll
  6779 | D:7      | Killed a troll
  6796 | D:7      | Noticed an eight-headed hydra
  6797 | D:7      | 6797 ||| FLEEEEING.
  6801 | D:7      | 6801 ||| STAIRDANCE
  6959 | D:7      | 6959 ||| INVOKING Heroism.
  6961 | D:7      | 6961 ||| SWAPPING to +0 flail.
  6969 | D:7      | HP: 12/58 [eight-headed hydra (4)]
  6970 | D:7      | 6970 ||| READING scroll of teleportation.
  6971 | D:7      | 6971 ||| DRINKING potion of heal wounds.
  6972 | D:7      | Slain by an eight-headed hydra

Levels and vault maps discovered:
D:1:      dpeg_arrival_ternary, layout_rooms, basic_ecumenical_altar,
          serial_shops, nicolae_square_shop, minmay_misc_feat_four_crosses
D:2:      layout_rooms
D:3:      layout_basic
D:4:      layout_cave_pods, temple_pool_b, gammafunk_ghost_grave,
          nicolae_shop_firing_range
D:5:      layout_cave_pools, serial_shops, nicolae_shop_crystal, uniq_menkaure,
          uniq_eustachio, uniq_ijyb
D:6:      layout_gridville, minmay_misc_feat_alley,
          minmay_fractal_squares_diagonal_5, uniq_blork_the_orc, uniq_duvessa,
          uniq_crazy_yiuf_cottage
D:7:      layout_loops_ring, hellmonk_guarded_unrand_vines
Temple:   nicolae_temple_slightly_damp_pantheon

Skill      XL: |  1  2  3  4  5  6  7  8  9 |
---------------+----------------------------+-----
Axes           | 2 3 4 5 7 8 9 |  9.0
Fighting       | 4 5 6 7 |  7.6
Dodging        | 1 |  1.0
Invocations    | 4 |  4.0
Shields        | 4 |  4.2
Armour         | 4 |  4.5

Action                   |  1- 3 |  4- 6 |  7- 9 || total
-------------------------+-------+-------+-------++-------
Melee: War axe           |   102 |   141 |   174 ||   417
       Flail             |       |       |     8 ||     8
Invok: Heroism           |       |       |    11 ||    11
  Use: Scroll            |     7 |    10 |     7 ||    24
       Potion            |     1 |     1 |     4 ||     6
Armor: Scale mail        |    46 |    85 |   146 ||   277
       Chain mail        |       |       |    48 ||    48
Dodge: Dodged            |    35 |    64 |    97 ||   196
Block: Buckler           |    14 |    29 |    48 ||    91

Table legend:
 A = Non-vault XP
 B = Vault XP
 C = Vault XP percentage of total XP
 D = Non-vault monster count
 E = Vault monster count
 F = Vault count percentage of total count
                 A         B        C        D         E       F
            +---------+---------+-------+---------+---------+-------
      Total |    2248 |    1532 |  40.5 |     114 |      16 |  12.3
            +---------+---------+-------+---------+---------+-------
        D:1 |      38 |       0 |   0.0 |      23 |       0 |   0.0
        D:2 |      25 |       0 |   0.0 |      10 |       0 |   0.0
        D:3 |     107 |       0 |   0.0 |      23 |       0 |   0.0
        D:4 |     419 |       6 |   1.4 |      19 |       3 |  13.6
        D:5 |     599 |     519 |  46.4 |      18 |       4 |  18.2
        D:6 |    1060 |     404 |  27.6 |      21 |       7 |  25.0
        D:7 |       0 |     603 | 100.0 |       0 |       2 | 100.0
            +---------+---------+-------+---------+---------+-------
